 Dungeon Crawl Stone Soup version 0.30.1-8-g117510f58f (webtiles) character file.

Game seed: 12384959764400473458

77 arthad the Ducker (level 4, -2/34 HPs)
             Began as a Djinni Gladiator on Sept 22, 2023.
             Killed by divine providence
             ... invoked by an orc priest
              (10 damage)
             ... on level 2 of the Dungeon.
             The game lasted 00:01:29 (986 turns).

arthad the Ducker (Djinni Gladiator)                 Turns: 986, Time: 00:01:30

Health: -2/34      AC:  4    Str: 12 (13) XL:     4   Next: 58%
Gold:   144        EV: 12    Int:  7 (10) God:
                   SH:  0    Dex: 13 (14)

rFire   + + .        a - +0 long sword
rCold   x . .        (no shield)
rNeg    . . .        b - +0 leather armour
rPois   ∞            c - +0 helmet
rElec   .            (no cloak)
rCorr   .            (no gloves)
SInv    .            (boots unavailable)
Will    .....        (no amulet)
Stlth   +            (no ring)
HPRegen 0.25/turn    (no ring)
MPRegen 0.00/turn

%: infuse magic (-3 HP)
@: brilliant, attractive, flying
A: sickness immunity, fire resistance 2, cold vulnerability 1, float, innate
caster, HP casting, extra vitality 1, weak 1
a: no special abilities


You were on level 2 of the Dungeon.
You visited 1 branch of the dungeon, and saw 2 of its levels.

You collected 144 gold pieces.

Inventory:

Hand Weapons
 a - a +0 long sword (weapon)
Missiles
 d - 2 throwing nets (quivered)
 e - a javelin
Armour
 b - a +0 leather armour (worn)
 c - a +0 helmet (worn)
Jewellery
 h - a ring of magical power
Scrolls
 f - a scroll of torment {unknown}
 i - a scroll of identify {unknown}


   Skills:
 + Level 2.7 Fighting
 + Level 3.2 Long Blades
 + Level 2.2 Throwing
 + Level 4.0 Dodging


You knew the following spells:

 Your Spells              Type           Power      Damage    Failure   Level
a - Beastly Appendage     Tmut           0%         N/A       52%         1
Your spell library was empty.

Dungeon Overview and Level Annotations

Branches:
Dungeon (2/15)

Altars:

Annotations:
D:2 1 runed translucent door, Crazy Yiuf


Innate Abilities, Weirdness & Mutations

You are immune to sickness and miasma.
You are immune to poison.
Your flesh is very heat resistant. (rF++)
You are vulnerable to cold. (rC-)
You float through the air rather than walking.
You learn spells naturally, not from books.
Your magical power is your life essence.
You have superior vitality. (+4 MHP)
You are weak. (Str -2)


Message History

You slash the quokka!
You kill the quokka!
The orc priest looks satisfied for a moment.
The orc priest is attracted toward you.
You barely miss the orc priest.
The orc priest hits you with a +0 dagger.
You hit the orc priest.
The orc priest is moderately wounded.
The orc priest misses you. The orc priest barely misses you.
You hit the orc priest but do no damage.
The orc priest is moderately wounded.
The orc priest miscasts a cantrip.
You hit the orc priest.
The orc priest is heavily wounded.
The orc priest hits you with a +0 dagger.
* * * LOW HITPOINT WARNING * * *
You hit the orc priest.
The orc priest is almost dead.
The orc priest invokes the aid of Beogh against you.
You barely resist. You closely miss the orc priest.
The orc priest is severely wounded.
The orc priest hits you but does no damage.
You hit the orc priest.
The orc priest is almost dead.
The orc priest completely misses you. The orc priest barely misses you.
You barely miss the orc priest.
The orc priest is almost dead.
The orc priest hits you with a +0 dagger.
* * * LOW HITPOINT WARNING * * *
You closely miss the orc priest.
The orc priest is almost dead.
The orc priest looks encouraged for a moment.
You hit the orc priest but do no damage.
The orc priest is almost dead.
The orc priest hits you with a +0 dagger.
* * * LOW HITPOINT WARNING * * *
The orc priest calls down the wrath of Beogh upon you.
Beogh smites you!
You die...

### #.# ###### ###
##.## ###...#####
#........<##########
#...................
#[.#................
#.....#####.......oo
#...#.# #o#.......
#.#.....# #@#...#.##
#...).### #)#...# #
########.# #.#...#
.......#.#####
#......
.#####.......#
###.....
.##.##...###.#
###### ...#........
.##.##..#.##.# .##
##......


You could see an orc priest.

Vanquished Creatures
  Jessica (D:2)
  2 dart slugs (D:1)
  3 orcs (D:2)
  2 bats
  4 endoplasms (D:1)
  2 goblins
  4 hobgoblins (D:1)
  4 jackals (D:2)
  5 quokkas
  A ball python (D:2)
  4 frilled lizards (D:1)
  4 kobolds
  4 rats
40 creatures vanquished.

Notes
Turn   | Place    | Note
-------+----------+-------------------------------------------
     0 | D:1      | arthad the Djinni Gladiator began the quest for the Orb.
     0 | D:1      | Reached XP level 1. HP: 18/18 MP: 0/0
    70 | D:1      | Reached XP level 2. HP: 23/23 MP: 0/0
   296 | D:1      | Reached XP level 3. HP: 29/29 MP: 0/0
   296 | D:1      | Learned a level 1 spell: Beastly Appendage
   331 | D:1      | Found a faded altar of an unknown god.
   688 | D:2      | Found a runed translucent door.
   689 | D:2      | Noticed Crazy Yiuf
   946 | D:2      | Noticed Jessica
   953 | D:2      | Killed Jessica
   954 | D:2      | Reached XP level 4. HP: 34/34 MP: 0/0
   964 | D:2      | Reached skill level 4 in Dodging
   974 | D:2      | Gained mutation: You are weak. (Str -2) [potion of
                  | mutation]
   986 | D:2      | Killed from afar by an orc priest

Illustrated notes

Levels and vault maps discovered:
D:1:      wander_arrival_chamber, layout_rooms,
          shapermc_ecumenical_altar_mp_urbaneastern
D:2:      layout_loops_cross, uniq_crazy_yiuf_cottage, uniq_jessica

Skill      XL: |  1  2  3  4 |
---------------+-------------+-----
Throwing       | 2 |  2.2
Long Blades    | 3 |  3.2
Dodging        | 4 |  4.0
Fighting       | |  2.7

Action                     |  1- 3 |  4- 6 || total
---------------------------+-------+-------++-------
  Melee: Long sword        |    75 |    28 ||   103
         Punch             |     2 |       ||     2
  Throw: Throwing net      |     1 |       ||     1
    Use: Potion            |       |     5 ||     5
 Armour: Leather armour    |    23 |     9 ||    32
  Dodge: Dodged            |    57 |    19 ||    76
